 Dungeon Crawl Stone Soup version 0.28-a0-1182-g381e24db82 (webtiles) character file.

Game seed: 11017850771562728645

49 lonewolfV2 the Magician (level 4, 0/31 HPs)
             Began as a Djinni Conjurer on Dec 16, 2021.
             Slain by a gnoll (6 damage)
             ... on level 2 of the Dungeon.
             The game lasted 00:05:15 (2906 turns).

lonewolfV2 the Magician (Djinni Conjurer)           Turns: 2906, Time: 00:05:16

Health: 0/31       AC:  2    Str:  3 (6)  XL:     4   Next: 1%
Gold:   55         EV: 12    Int: 21 (22) God:
                   SH:  0    Dex:  8 (11)

rFire   + + .      SeeInvis .   e - +0 dagger (speed)
rCold   x . .      Faith    .   (no shield)
rNeg    . . .      Spirit   .   a - +0 robe
rPois   ∞          Reflect  .   (no helmet)
rElec   .          Harm     .   (no cloak)
rCorr   .          Rampage  .   (no gloves)
Will    .....                   (boots unavailable)
Stlth   ++........              (no amulet)
HPRegen 0.10/turn               (no ring)
MPRegen 0.00/turn               (no ring)

@: brilliant, flying, very slightly contaminated
A: sickness immunity, fire resistance 2, cold vulnerability 1, float, innate
caster, hp casting, extra vitality 1
a: no special abilities


You were on level 2 of the Dungeon.
You visited 1 branch of the dungeon, and saw 2 of its levels.

You collected 55 gold pieces.

Inventory:

Hand Weapons
 e - a +0 dagger of speed (weapon)
Armour
 a - a +0 robe (worn)
Jewellery
 c - an amulet of faith
Scrolls
 g - a scroll of magic mapping {unknown}
Potions
 b - 2 potions of brilliance


   Skills:
 + Level 2.3 Dodging
 + Level 1.8 Stealth
 + Level 4.1 Spellcasting


You couldn't memorise any spells.
You knew the following spells:

 Your Spells              Type           Power      Damage    Failure   Level
a - Magic Dart            Conj           100%       1d8       2%          1
b - Searing Ray           Conj           64%        2d6       3%          2
c - Dazzling Flash        Conj/Hex       64%        N/A       7%          3
d - Fulminant Prism       Conj/Hex       16%        3d11      22%         4
e - Iskenderun's Mystic   Conj/Tloc      32%        2d8       22%         4
f - Freeze                Ice            100%       1d11      2%          1
Your spell library was empty.

Dungeon Overview and Level Annotations

Branches:
Dungeon (2/15)

Altars:

Shops:
D:2 [


Innate Abilities, Weirdness & Mutations

You are immune to sickness and miasma.
You are immune to poison.
Your flesh is very heat resistant. (rF++)
You are vulnerable to cold. (rC-)
You float through the air rather than walking.
You learn spells naturally, not from books.
Your magical power is your life essence.
You have superior vitality. (+4 HP)


Message History

The magic dart hits the gnoll.
You kill the gnoll!
You hear a splash.
You have reached level 4!
You feel clever.
Casting: Magic Dart (safe; 1% risk of failure)
Confirm with . or Enter, or press ? or * to list all spells.
The spell is extremely dangerous to miscast (21% risk of failure)!
Continue anyway? [Y]es or [N]o only, please.
The spell is extremely dangerous to miscast (21% risk of failure)!
Continue anyway?
Aiming: Fulminant Prism (extremely dangerous; 21% risk of failure)
Press: ? - help, Dir - move target You miscast Fulminant Prism.
You are very lightly contaminated with residual magic.
You are caught in a violent explosion!
* * * LOW HITPOINT WARNING * * *
x2 The gnoll splashes around in the water.
The gnoll hits you with a +0 club.
* * * LOW HITPOINT WARNING * * *
Casting: Fulminant Prism (extremely dangerous; 21% risk of failure)
Confirm with . or Enter, or press ? or * to list all spells.
Aiming: Magic Dart (safe; 1% risk of failure)
Press: ? - help, Shift-Dir - straight line, f - gnoll
Aim: a gnoll, wielding a +0 club (100% to hit)
The magic dart hits the gnoll.
The gnoll is moderately wounded.
* * * LOW HITPOINT WARNING * * *
The gnoll completely misses you.
It was a potion of brilliance.
You feel clever all of a sudden. The gnoll closely misses you.
It was a potion of curing.
You feel better. The gnoll hits you with a +0 flail.
* * * LOW HITPOINT WARNING * * *
The gnoll hits you but does no damage.
It was a potion of degeneration.
There was something very wrong with that liquid.
You feel weakened.
You feel dopey.
You feel clumsy. The gnoll closely misses you. The gnoll barely misses you.
The gnoll hits you with a +0 club.
You die...

..... ..# #≈≈≈≈≈≈.≈
...... ..# #.≈.≈≈≈≈.
..[... ..# #.≈≈....
.... #.## ########...#
..##..# ##...........
###...####..######...#
#≈≈)≈J≈≈≈#..........##
###.gg####..#######.#
##g@......# #.#
###.###.## #.# #.#
#..#######.# #.#
#..........## #..
#.###..###... ##.
#...#.....###
#..##..#.###.##.
#.##....).#....
####....###..#.###


You could see 3 gnolls and an endoplasm.

Vanquished Creatures
  A gnoll (D:2)
  2 worms (D:2)
  2 bats (D:1)
  An endoplasm (D:1)
  5 hobgoblins
  6 quokkas
  3 ball pythons
  3 frilled lizards
  3 goblins
  2 kobolds
  3 rats
31 creatures vanquished.

Notes
Turn   | Place    | Note
-------+----------+-------------------------------------------
     0 | D:1      | lonewolfV2 the Djinni Conjurer began the quest for the Orb.
     0 | D:1      | Reached XP level 1. HP: 15/15 MP: 0/0
    69 | D:1      | Found a faded altar of an unknown god.
   228 | D:1      | Reached XP level 2. HP: 20/21 MP: 0/0
  1621 | D:2      | Reached XP level 3. HP: 16/25 MP: 0/0
  1621 | D:2      | Learned a level 1 spell: Freeze
  2223 | D:2      | Found Covutunk's Antique Armour Shop.
  2274 | D:2      | Reached skill level 4 in Spellcasting
  2900 | D:2      | Reached XP level 4. HP: 22/31 MP: 0/0
  2906 | D:2      | Slain by a gnoll

Illustrated notes

Levels and vault maps discovered:
D:1:      nzn_arrival_water_spiral, layout_loops_ring,
          dreamdust_ecumenical_altar_statues, hangedman_decor_push
D:2:      layout_loops_ring, serial_shops, nicolae_shop_behind_doors,
          serial_rivers, chequers_serial_rivers_large_a,
          chequers_serial_rivers_micro_a, chequers_serial_rivers_micro_c,
          chequers_serial_rivers_micro_a, hangedman_decor_points,
          minmay_stone_trees_medium, uniq_sigmund

Skill      XL: |  1  2  3 |
---------------+----------+-----
Spellcasting   | 4 |  4.1
Dodging        | |  2.3
Stealth        | |  1.8

Action                   |  1- 3 |  4- 6 || total
-------------------------+-------+-------++-------
 Cast: Magic Dart        |    68 |     1 ||    69
       Searing Ray       |     7 |       ||     7
       Dazzling Flash    |     1 |       ||     1
  Use: Scroll            |     1 |       ||     1
       Potion            |       |     3 ||     3
Armor: Robe              |       |     1 ||     1
Dodge: Dodged            |     7 |     4 ||    11

Table legend: (Time is in decaauts)
 A = Elapsed time spent in this place.
 B = Non-inter-level travel time spent in this place.
 C = Inter-level travel time spent in this place.
 D = Time resting spent in this place.
 E = Time spent auto-exploring this place.
 F = Levels seen in this place.
 G = Mean time per level.
                   A        B        C        D        E       F      G
               +--------+--------+--------+--------+--------+-----+--------+
         Total |   2905 |   2868 |     37 |   1030 |   1634 |   2 | 1452.5 |
       Dungeon |   2905 |   2868 |     37 |   1030 |   1634 |   2 | 1452.5 |
               +--------+--------+--------+--------+--------+-----+--------+

Top non-repeatable levels by time:
     D:1: 1524 daAuts
     D:2: 1381 daAuts
